Map: Ulrena

Players

Bay

  • Race: Protoss Protoss
  • League: Diamond

Worming - Winner!

  • Race: Zerg Zerg
  • League: Diamond

VOD

Have the link to the VOD?

Description

Time

  • Played on: Dec. 16, 2015, 12:13 p.m.
  • Length: 12:58
Show
View Real Time Build Order
Export as new Build Order

Bay Protoss 

Build Orders:  

Get SALT Encoding   

  12  0:01  Probe (Chrono Boost)  
  13  0:12  Probe (Chrono Boost)  
  14  0:22  Pylon  
  14  0:23  Probe (Chrono Boost)  
  15  0:40  Gateway, Probe (Chrono Boost)  
  16  0:51  Probe (Chrono Boost)  
  16  0:52  Assimilator x2  
  17  1:01  Probe (Chrono Boost)  
  18  1:12  Probe (Chrono Boost)  
  19  1:22  Probe (Chrono Boost)  
  20  1:27  Cybernetics Core  
  20  1:45  Nexus  
  20  2:00  Pylon  
  20  2:05  Warp Gate, Mothership Core (Chrono Boost)  
  22  2:23  Robotics Facility  
  22  2:28  Adept  
  24  2:30  Probe (Chrono Boost)  
  25  2:41  Probe (Chrono Boost)  
  26  2:55  Gateway  
  26  2:59  Pylon  
  26  3:02  Probe (Chrono Boost)  
  26  3:03  Probe (Chrono Boost)  
  28  3:17  Immortal (Chrono Boost)  
  32  3:20  Probe  
  32  3:21  Probe  
  34  3:35  Gateway  
  34  3:40  Pylon  
  34  3:57  Immortal (Chrono Boost)  
  34  4:02  Probe  
  38  4:03  Probe  
  40  4:12  Probe  
  40  4:15  Probe  
  40  4:17  Gateway  
  42  4:20  Gateway  
  42  4:22  Sentry  
  40  4:37  Probe  
  40  4:38  Sentry x2  
  44  4:46  Gateway  
  44  4:51  Probe  
  44  4:52  Probe  
  46  4:53  Adept  
  46  4:58  Warp Prism (Chrono Boost)  
  50  5:01  Probe  
  50  5:04  Probe  
  52  5:11  Sentry x2  
  52  5:13  Probe  
  57  5:21  Sentry  
  57  5:22  Sentry  
  57  5:24  Probe  
  62  5:33  Pylon x2  
  62  5:49  Probe  
  62  5:51  Probe, Observer (Chrono Boost)  
  62  5:55  Adept x5  
  62  5:56  Adept  
  73  6:18  Adept x2  
  75  6:27  Pylon  
  75  6:30  Pylon  
  69  6:50  Adept x3  
  69  6:51  Adept x2  
  55  7:01  Immortal (Chrono Boost)  
  45  7:08  Probe  
  45  7:09  Probe  
  45  7:10  Assimilator  
  45  7:15  Adept  
  49  7:16  Sentry  
  51  7:22  Assimilator  
  51  7:32  Probe  
  51  7:34  Probe  
  51  7:35  Adept x2, Immortal (Chrono Boost)  
  61  7:47  Pylon  
  61  7:51  Pylon  
  61  7:52  Probe  
  61  7:53  Probe  
  61  7:56  Adept x2  
  61  7:57  Adept x3  
  73  8:02  Sentry  
  75  8:09  Probe  
  75  8:11  Probe, Pylon  
  76  8:31  Adept x2  
  76  8:32  Adept x4  
  88  8:39  Immortal (Chrono Boost)  
  92  8:51  Pylon  
  92  8:52  Pylon  
  90  9:13  Immortal (Chrono Boost)  
  90  9:14  Twilight Council  
  94  9:17  Adept  
  94  9:18  Adept x4  
  94  9:19  Adept  
  104  9:38  Probe  
  104  9:40  Probe  
  102  9:53  Warp Prism (Chrono Boost)  
  102  9:54  Probe  
  102  9:56  Probe  
  106  10:06  Dark Shrine  
  106  10:17  Adept x3  
  106  10:18  Adept x3  
  114  10:33  Resonating Glaives (Chrono Boost)  
  100  10:42  Probe  
  100  10:44  Probe  
  100  10:45  Immortal  
  106  10:53  Adept  
  106  10:54  Adept x5  
  116  11:15  Pylon  
  116  11:16  Pylon  
  116  11:17  Pylon  
  116  11:24  Observer  
  117  11:35  Dark Templar  
  117  11:36  Dark Templar x3  
  125  11:58  Pylon  
  125  11:59  Pylon  
  125  12:01  Pylon  
  125  12:03  Dark Templar x2  
  121  12:24  Dark Templar x4  
Show
View Real Time Build Order
Export as new Build Order

Worming Zerg - Winner!

Build Orders: Hatch First, Lurkers 

Get SALT Encoding   

  12  0:01  Drone  
  13  0:13  Overlord  
  13  0:20  Drone  
  14  0:31  Drone  
  14  0:32  Drone  
  16  0:38  Drone  
  17  0:54  Hatchery  
  16  1:07  Spawning Pool  
  16  1:10  Drone  
  16  1:13  Drone  
  17  1:18  Drone  
  17  1:22  Drone  
  19  1:30  Extractor  
  18  1:37  Drone  
  19  1:48  Overlord  
  19  1:54  Queen  
  19  1:58  Zergling x2  
  22  2:06  Queen  
  22  2:07  Drone  
  22  2:08  Drone  
  26  2:16  Drone  
  26  2:19  Drone  
  28  2:26  Drone  
  29  2:30  Queen, Drone  
  29  2:35  Metabolic Boost  
  32  2:46  Drone x2  
  32  2:50  Queen, Overlord  
  36  3:08  Drone x2  
  36  3:09  Drone x4  
  42  3:18  Hatchery  
  41  3:21  Overlord  
  41  3:35  Overlord  
  41  3:41  Roach Warren  
  41  3:45  Zergling x10  
  45  4:05  Lair  
  45  4:07  Extractor  
  45  4:08  Extractor  
  44  4:10  Drone x3  
  44  4:11  Drone x3  
  43  4:41  Drone x8  
  51  4:51  Zergling x2  
  52  4:53  Overlord x2  
  52  4:54  Overlord x2  
  52  5:00  Roach  
  52  5:04  Overlord  
  54  5:09  Roach x2  
  54  5:11  Glial Reconstitution  
  58  5:17  Drone x2  
  58  5:18  Drone x2, Extractor  
  58  5:19  Drone  
  61  5:22  Roach x5  
  61  5:25  Overlord  
  71  5:30  Ravager x3  
  71  5:31  Roach  
  76  5:41  Roach x2  
  76  5:42  Roach x4  
  88  5:50  Overlord x2  
  88  6:02  Roach x8  
  100  6:39  Roach x12  
  113  6:50  Roach x3  
  101  7:06  Zergling x14, Hatchery  
  105  7:19  Evolution Chamber  
  105  7:22  Evolution Chamber  
  103  7:23  Overseer  
  103  7:24  Pneumatized Carapace  
  103  7:28  Ravager  
  103  7:29  Ravager  
  105  7:31  Ravager  
  105  7:32  Ravager x3  
  109  7:37  Zergling x6  
  109  7:38  Hatchery  
  109  7:40  Extractor  
  109  7:41  Overlord  
  109  7:54  Zerg Missile Weapons Level 1, Zerg Ground Armor Level 1  
  109  8:02  Drone x3  
  112  8:05  Extractor  
  112  8:09  Drone x3  
  112  8:20  Zergling x12  
  118  8:33  Drone x7  
  125  8:35  Queen  
  125  8:38  Hydralisk Den  
  126  8:48  Ravager x3  
  128  8:49  Ravager  
  128  8:53  Drone x6  
  135  9:07  Lurker Den  
  133  9:26  Overlord  
  133  9:27  Overlord  
  125  9:55  Zerg Missile Weapons Level 2, Zerg Ground Armor Level 2  
  125  9:57  Overlord x4  
  125  9:58  Hydralisk x10  
  142  10:22  Zergling x2, Roach  
  142  10:23  Zergling x4, Roach x2  
  142  10:24  Hydralisk x3  
  153  10:40  Roach x3  
  153  10:41  Roach  
  160  10:48  Zergling x2  
  161  10:50  Lurker x6  
  161  10:56  Infestation Pit  
  166  10:57  Spire  
  166  11:00  Extractor  
  166  11:01  Drone x9, Extractor  
  172  11:22  Muscular Augments  
  172  11:30  Hatchery  
  172  11:31  Spire  
  170  11:33  Drone x3  
  170  11:34  Drone x3, Overlord x3  
  170  11:35  Overlord x4  
  176  11:41  Burrow  
  176  11:43  Hive  
  176  11:54  Overseer x2  
  176  12:00  Overseer  
  176  12:16  Ravager  
  176  12:17  Ravager x5  
Tags
 
Composition
Lurkers
Matchup
PvZ
Replay Pack
replay pack
Add a new tag
Caveats
  • Supply blocks, unpowered buildings, or Contaminate may cause inaccurate times.
  • Supply counts are checked every 10 seconds.